 Dungeon Crawl Stone Soup version 0.21.1-1-g345015f (webtiles) character file.

42 zishaf the Insei (level 3, -2/17 HPs)
             Began as a Vine Stalker Transmuter on May 18, 2018.
             Slain by a hobgoblin
             ... wielding a +0 hand axe
              (6 damage)
             ... on level 2 of the Dungeon.
             The game lasted 00:02:19 (2036 turns).

zishaf the Insei (Vine Stalker Transmuter)          Turns: 2036, Time: 00:02:19

Health: -2/17      AC:  2    Str: 13    XL:     3   Next: 56%
Magic:  0/8        EV: 12    Int: 13    God:
Gold:   27         SH:  0    Dex: 16    Spells: 6/7 levels left

rFire    . . .     SeeInvis .     - Unarmed
rCold    . . .     Gourm    .   (no shield)
rNeg     . . .     Faith    .   b - +0 robe
rPois    .         Spirit   +   (no helmet)
rElec    .         Reflect  .   (no cloak)
rCorr    .         Harm     .   (no gloves)
MR       .....                  (no boots)
Stlth    +.........             h - amulet of inaccuracy (curse)
HPRegen  0.05/turn              i - +2 ring of dexterity
MPRegen  0.11/turn              (no ring)

@: no status effects
A: fangs 2, magic shield, antimagic bite, no potion heal 3, rot immunity
a: no special abilities


You were on level 2 of the Dungeon.
You were hungry.

You visited 1 branch of the dungeon, and saw 2 of its levels.

You collected 27 gold pieces.

Inventory:

Missiles
 a - 49 arrows
Armour
 b - a +0 robe (worn)
Jewellery
 h - a cursed amulet of inaccuracy (around neck)
 i - a +2 ring of dexterity (left hand)
Scrolls
 f - a scroll of teleportation {unknown}
 k - 3 scrolls of remove curse {unknown}
 l - 3 scrolls of identify {unknown}
 m - a scroll of fog {unknown}
Potions
 e - a potion of haste {unknown}
 g - 2 potions of curing {unknown}
Books
 c - a book of Changes

   Spells                             Type                      Level
   a - Beastly Appendage              Transmutation                1
   b - Sticks to Snakes               Transmutation                2
   c - Spider Form                    Transmutation/Poison         3
   d - Ice Form                       Ice/Transmutation            4
   e - Blade Hands                    Transmutation                5
Comestibles
 d - 5 rations


   Skills:
 - Level 0.8 Fighting
 - Level 1.5 Dodging
 * Level 3.8 Unarmed Combat
 + Level 2.7 Spellcasting
 + Level 2.5 Transmutations


You had 6 spell levels left.
You knew the following spells:

 Your Spells              Type           Power        Failure   Level  Hunger
a - Beastly Appendage     Tmut           #.....       9%          1    #......


Dungeon Overview and Level Annotations

Branches:
Dungeon (2/15)

Altars:


Innate Abilities, Weirdness & Mutations

You have extremely sharp teeth.
When hurt, damage is shared between your health and your magic reserves.
Your bite disrupts and absorbs the magic of your enemies.
Potions cannot restore your health.
You are immune to rotting.


Message History

The hobgoblin closely misses you. The kobold closely misses you.
You miss the kobold.
The kobold is moderately wounded.
The hobgoblin hits you with a hand axe! The kobold completely misses you.
You miss the kobold. Your bite misses the kobold.
The kobold is moderately wounded.
The hobgoblin hits you with a hand axe! The kobold hits you.
* * * LOW HITPOINT WARNING * * *
You are too injured to fight recklessly!
You are too injured to fight recklessly!
The hobgoblin barely misses you.
You barely miss the hobgoblin. The hobgoblin hits you with a hand axe.
You miss the hobgoblin.
You bite the hobgoblin, but do no damage.
The hobgoblin closely misses you.
You hit the hobgoblin but do no damage. Your bite misses the hobgoblin.
You hit the hobgoblin. Your bite misses the hobgoblin.
The hobgoblin is heavily wounded.
The hobgoblin hits you with a hand axe!
You die...

####+###..
#........###
#........'.
#.)......###.
#.......>'...
#....)...#
#.....†..###.
############..)......
#.........@gK........
#.###################
#.# #.# #.# #.#
##'###### #.......#
#.......####+##


You could see a hobgoblin and a kobold.

Vanquished Creatures
  2 dart slugs (D:1)
  2 leopard geckos (D:1)
  2 giant cockroaches (D:1)
  10 goblins
  3 hobgoblins (D:1)
  A quokka (D:2)
  A bat (D:1)
  2 frilled lizards (D:1)
  6 kobolds (D:1)
  4 rats
33 creatures vanquished.

Notes
Turn   | Place    | Note
-------+----------+-------------------------------------------
     0 | D:1      | zishaf the Vine Stalker Transmuter began the quest for the Orb.
     0 | D:1      | Reached XP level 1. HP: 9/9 MP: 4/4
   439 | D:1      | Reached XP level 2. HP: 6/14 MP: 3/6
  1263 | D:1      | Reached XP level 3. HP: 16/17 MP: 7/7
  2036 | D:2      | Slain by a hobgoblin

Action                   || total
-------------------------++-------
Melee: Unarmed           ||   142
       Bite              ||    32
       Punch             ||     3
 Stab: Sleeping          ||     1
  Eat: Chunk             ||     3
Armor: Robe              ||    15
Dodge: Dodged            ||    91
